 Dungeon Crawl Stone Soup version 0.26-a0-1191-ge2a0e31ab3 (webtiles) character file.

Game seed: 4533328363982132177

82473 tilp the Fighter (level 15, -6/81 (84) HPs)
             Began as a Vine Stalker Brigand on Dec 27, 2020.
             Was the Champion of Makhleb.
             Killed by divine providence
             ... invoked by an orc high priest
              (13 damage)
             ... on level 2 of the Orcish Mines on Dec 28, 2020.
             The game lasted 00:57:27 (22946 turns).

tilp the Fighter (Vine Stalker Brigand)            Turns: 22946, Time: 00:57:27

HP:   -6/81 (84)    AC: 27    Str: 31    XL:     15   Next: 73%
MP:   0/23          EV: 13    Int: 11    God:    Makhleb [******]
Gold: 377           SH: 10    Dex: 17    Spells: 14/14 levels left

rFire    + . .     SeeInvis .   a - +3 dagger (venom)
rCold    + . .     Faith    .   X - +0 buckler
rNeg     . . .     Spirit   +   F - +2 plate armour {rC+}
rPois    +         Reflect  +   J - +0 helmet of Subjectivity {Str+6 Stlth-}
rElec    .         Harm     .   c - +2 cloak
rCorr    .         Rampage  .   l - +2 pair of gloves
Will     ++++.                  (no boots)
Stlth    ..........             Z - amulet of reflection
HPRegen  1.03/turn              H - ring "Qedghig" {*Drain rPois rF+ Will+++ Str+6}
MPRegen  0.18/turn              I - ring "Dokui" {rPois AC+4}

@: about to teleport, lightly drained
A: fangs 3, regeneration 2, magic shield, antimagic bite, no potion heal 3
a: Renounce Religion, Minor Destruction, Lesser Servant of Makhleb, Major
Destruction, Greater Servant of Makhleb


You were on level 2 of the Orcish Mines.
You worshipped Makhleb.
Makhleb was exalted by your worship.
You visited 4 branches of the dungeon, and saw 24 of its levels.
You visited 1 bazaar.
You also visited: Sewer, Ossuary and Ice Cave.

You collected 1969 gold pieces.
You spent 1592 gold pieces at shops.

Inventory:

Hand Weapons
 a - a +3 dagger of venom (weapon)
 b - a +4 scimitar of flaming
 o - a +1 dagger of speed
 t - a +2 dagger of freezing
Missiles
 d - 100 poisoned darts
 m - 25 boomerangs (quivered)
 n - 2 atropa-tipped darts
 q - 4 silver boomerangs
 s - 4 javelins
 D - 3 throwing nets {!f}
 R - 7 curare-tipped darts
Armour
 c - a +2 cloak (worn)
 l - a +2 pair of gloves (worn)
 F - a +2 plate armour of cold resistance (worn)
 J - the +0 helmet of Subjectivity (worn) {Str+6 Stlth-}
   (You bought it in a shop on level 10 of the Dungeon)

   It affects your strength (+6).
   It makes you less stealthy.
 L - the +2 scale mail of the Four Glowing Souls {rCorr}
   (You found it on level 10 of the Dungeon)

   It provides partial protection from all sources of acid and corrosion.
 X - a +0 buckler (worn)
Jewellery
 G - an uncursed ring of protection from cold
 H - the ring "Qedghig" (left hand) {*Drain rPois rF+ Will+++ Str+6}
   (You bought it in a shop on level 10 of the Dungeon)

   [ring of strength]

   It affects your strength (+6).
   It protects you from fire.
   It protects you from poison.
   It affects your willpower, your defense against some magical effects.
   It causes draining when unequipped.
 I - the ring "Dokui" (right hand) {rPois AC+4}
   (You bought it in a shop on level 10 of the Dungeon)

   [ring of protection]

   It affects your AC (+4).
   It protects you from poison.
 Z - an amulet of reflection (around neck)
Wands
 g - a wand of paralysis (5)
 r - a wand of disintegration (18)
 C - a wand of flame (35)
 P - a wand of polymorph (17)
 W - a wand of digging (2)
Scrolls
 e - 4 scrolls of immolation
 f - 7 scrolls of teleportation
 k - 17 scrolls of remove curse
 y - 5 scrolls of amnesia
 M - 2 scrolls of fear
 N - 2 scrolls of enchant armour
 O - 5 scrolls of enchant weapon
 Q - 3 scrolls of blinking
 T - 5 scrolls of identify
 V - a scroll of brand weapon
 Y - a scroll of fog
Potions
 h - 14 potions of curing
 i - a potion of magic {unknown}
 j - 4 potions of flight
 p - a potion of ambrosia
 u - 3 potions of haste
 w - 3 potions of attraction
 x - 3 potions of lignification
 z - 3 potions of brilliance
 A - 2 potions of might
 B - 2 potions of berserk rage
 K - 6 potions of mutation
Miscellaneous
 v - a box of beasts
 S - a tin of tremorstones (2/2)


   Skills:
 - Level 12.0 Fighting
 - Level 10.0 Short Blades
 + Level 8.0 Throwing
 - Level 8.0 Armour
 - Level 8.0 Dodging
 - Level 8.0 Stealth
 - Level 4.0 Shields
 - Level 10.0 Invocations
 - Level 10.0 Evocations


You had 14 spell levels left.
You didn't know any spells.
Your spell library contained the following spells:

 Spells                   Type           Power        Failure   Level
 Animate Skeleton         Necr           0%           95%         1
 Apportation              Tloc           0%           95%         1
 Corona                   Hex            0%           95%         1
 Foxfire                  Conj/Fire      0%           95%         1
 Pain                     Necr           0%           95%         1
 Summon Small Mammal      Summ           0%           95%         1
 Corpse Rot               Necr/Air       N/A          99%         2
 Conjure Flame            Conj/Fire      0%           100%        3
 Inner Flame              Hex/Fire       0%           100%        3
 Stone Arrow              Conj/Erth      0%           100%        3
 Vampiric Draining        Necr           0%           100%        3
 Animate Dead             Necr           0%           100%        4
 Ice Form                 Ice/Tmut       0%           100%        4
 Sticky Flame             Conj/Fire      0%           100%        4
 Agony                    Necr           0%           100%        5
 Fireball                 Conj/Fire      0%           100%        5
 Metabolic Englaciation   Hex/Ice        0%           100%        5
 Summon Forest            Summ/Tloc      0%           100%        5
 Eringya's Noxious Bog    Tmut/Pois      0%           100%        6
 Freezing Cloud           Conj/Ice/Air   0%           100%        6
 Hydra Form               Tmut           0%           100%        6
 Ozocubu's Refrigeration  Ice            0%           100%        6
 Simulacrum               Ice/Necr       0%           100%        6
 Summon Hydra             Summ           0%           100%        7


Dungeon Overview and Level Annotations

Branches:
Dungeon (15/15)            Temple (1/1) D:4            Lair (6/6) D:10
 Shoals (0/4) Lair:4        Snake (0/4) Lair:4        Slime (0/5) Lair:6
    Orc (2/2) D:12         Vaults (0/5) D:13         Depths (0/5) D:15
  Sewer (visited)         Ossuary (visited)           IceCv (visited)
    Elf: Orc:2

Altars:
Ashenzari
Cheibriados
Dithmenos
Elyvilon
Fedhas
Gozag
Hepliaklqana
Kikubaaqudgha
Makhleb
Nemelex Xobeh
Okawaru
Qazlal
Ru
Sif Muna
Trog
Uskayaw
Vehumet
Wu Jian
Xom
Yredelemnul
Zin
The Shining One
Jiyva

Shops:
D:5 =   D:10 ?*   Orc:2 =(

Portals:
Trove: D:13 (give 8 scrolls of blinking)

Annotations:
D:13 2 scrolls in D10 shop
Lair:5 exclusion: 4 oklob plants


Innate Abilities, Weirdness & Mutations

You have razor-sharp teeth.
You heal very quickly.
When hurt, damage is shared between your health and your magic reserves.
Your bite disrupts and absorbs the magic of your enemies.
Potions cannot restore your health.


Message History

Things that are here:
a cursed -2 scimitar; a +0 chain mail The orc priest begins to cast a cantrip, but forgets the words!
The orc warlord roars a battlecry!
The orc completely misses the fungus.
The orc closely misses you.
The orc warrior shouts!
You hear a shout!
The orc high priest utters an invocation to Beogh.
You hit the orc. You bite the orc.
You kill the orc!
Makhleb accepts your kill.
You feel better.
Unknown command.
As you read the scroll of teleportation, it crumbles to dust.
You feel strangely unstable.
The sixfirhy hits you but does no damage.
You block the sixfirhy's attack.
The sixfirhy hits you but does no damage.
The orc high priest calls down the wrath of Beogh upon you.
Beogh smites you!
You die...

## ### #### ##.##.##
#####.#.#
#......#####.#......
#......##.#........#
##.........#..$.....
#.#..oo.............
###...3o.o3.......##.o
#.....3o#.....o.....o.
#....@#..o.oo.....o...
#.......#Po.o.....#....#
........o....o......o..#
....................#.##
....#........∩....P## #
....#..o..PP...8...# ..#
##.............# ..
##......PP..P##
#.....P..P..#


You could see 2 orc high priests, a sun demon (summoned), a sixfirhy (summoned),
a neqoxec (summoned), 3 orc warriors and 2 orcs.

Vanquished Creatures
  A frost giant (IceCv)
  An ironheart preserver (D:13)
  Azrael (D:15)
  Snorg (D:11)
  Fannar (D:11)
  Harold (D:9)
  11 hydras
  4 boulder beetles
  Erica (D:8)
  A death knight (D:13)
  A death yak (IceCv)
  A catoblepas (Lair:6)
  5 two-headed ogres
  An unseen horror (D:13)
  An orc knight (Orc:1)
  An orc sorcerer (Orc:1)
  3 ugly things
  A manticore (D:11)
  2 cyclopes
  Maurice (D:12)
  7 elephants
  An ice statue (IceCv)
  5 black mambas
  Joseph (D:10)
  Maggie (Lair:1)
  16 cane toads
  8 rime drakes
  A kobold demonologist (D:12)
  A gargoyle (D:13)
  16 komodo dragons
  2 ice devils (Lair:4)
  4 trolls
  15 polar bears
  Grinder (D:4)
  7 hornets
  A dream sheep (Lair:6)
  8 blink frogs (Lair:4)
  11 spriggans (Lair:6)
  3 wyverns
  44 yaks
  4 fire elementals (D:15)
  9 basilisks
  2 wargs (Orc:1)
  6 vampire mosquitoes
  4 nagas (Lair:4)
  19 water moccasins
  A hell hound (D:15)
  A hornet zombie (D:15)
  4 sky beasts
  16 orc warriors
  2 eyes of draining
  6 ice beasts
  7 black bears
  8 ogres
  52 wolves
  A phantom (D:11)
  4 boggarts (Lair:6)
  A necrophage (D:7)
  11 centaurs
  3 big kobolds
  Blork the orc (D:5)
  An elf zombie (D:7)
  20 bullfrogs
  A wyvern zombie (Ossuary)
  A wyvern skeleton (D:12)
  4 scorpions
  A water moccasin skeleton (D:5)
  10 killer bees
  11 wights
  2 electric eels
  6 centaur zombies
  A quasit (D:11)
  3 gnoll shamans (D:10)
  2 jellies (D:6)
  8 orc priests
  2 bullfrog skeletons (D:7)
  3 bullfrog zombies (Ossuary)
  3 centaur skeletons
  8 hounds
  2 human skeletons (D:7)
  3 human zombies (D:7)
  2 iguanas
  16 orc wizards
  Terence (D:1)
  7 worker ants
  2 killer bee zombies (Ossuary)
  2 ogre zombies (D:7)
  A hound zombie (Ossuary)
  A hound skeleton (D:5)
  18 mummies
  4 worker ant zombies
  12 adders
  4 gnolls (D:10)
  3 shadow imps
  3 white imps
  An ufetubus (D:8)
  An ooze (D:1)
  2 adder zombies (Ossuary)
  4 adder skeletons
  A worm (D:2)
  5 dart slugs
  8 leopard geckos
  64 orcs
  11 bats
  9 giant cockroaches
  11 goblins
  8 hobgoblins
  17 jackals
  3 quokkas
  4 frilled lizards
  A giant cockroach zombie (Ossuary)
  A goblin zombie (D:6)
  A jackal skeleton (D:6)
  23 kobolds
  2 leopard gecko zombies
  2 quokka zombies (Ossuary)
  28 rats
  A rat zombie (D:6)
731 creatures vanquished.

Vanquished Creatures (collateral kills)
  A two-headed ogre (D:11)
  2 orc high priests (Orc:2)
  An ugly thing (D:11)
  A centaur zombie (D:11)
  A rime drake (IceCv)
  3 polar bears (IceCv)
  2 shadows
  2 fire elementals (D:15)
  Grum (D:8)
  A yak (IceCv)
  A warg (Orc:2)
  A hell hound (D:15)
  2 orc warriors (Orc:2)
  An ice beast (D:15)
  3 wolves
  A centaur (D:10)
  A big kobold (D:10)
  A bullfrog (D:11)
  A wight (D:11)
  2 gnolls (D:10)
  A leopard gecko (D:11)
  An orc (D:11)
31 creatures vanquished.

Vanquished Creatures (others)
  58 fungi
  54 plants
  5 withered plants (Ossuary)
117 creatures vanquished.

Grand Total: 879 creatures vanquished

Notes
Turn   | Place    | Note
-------+----------+-------------------------------------------
     0 | D:1      | tilp the Vine Stalker Brigand began the quest for the Orb.
     0 | D:1      | Reached XP level 1. HP: 11/11 MP: 2/2
    84 | D:1      | Reached skill level 2 in Fighting
   195 | D:1      | Reached XP level 2. HP: 15/15 MP: 3/3
   825 | D:1      | Reached XP level 3. HP: 10/19 MP: 4/4
  1592 | D:2      | Gained mutation: Your natural rate of healing is unusually
                  | fast. [Vine Stalker growth]
  1592 | D:2      | Reached XP level 4. HP: 14/23 MP: 5/5
  1638 | D:2      | Noticed Terence
  1694 | D:2      | Reached skill level 3 in Fighting
  2184 | D:1      | Killed Terence
  2275 | D:3      | Noticed a centaur
  2295 | D:3      | Killed a centaur
  2296 | D:3      | Reached XP level 5. HP: 25/29 MP: 4/6
  2609 | D:3      | Reached skill level 4 in Fighting
  2619 | D:3      | Reached skill level 1 in Dodging
  2619 | D:3      | Reached XP level 6. HP: 26/33 MP: 5/7
  3319 | D:4      | Noticed Grinder
  3321 | D:4      | Paralysed by Grinder for 3 turns
  3335 | D:4      | Killed Grinder
  3336 | D:4      | Reached XP level 7. HP: 38/38 MP: 8/8
  3602 | D:4      | Reached skill level 5 in Fighting
  3646 | D:4      | Reached skill level 5 in Short Blades
  3788 | D:4      | Found a staircase to the Ecumenical Temple.
  3892 | Temple   | Entered the Ecumenical Temple
  4053 | Temple   | Became a worshipper of Makhleb the Destroyer
  4526 | D:5      | Entered Level 5 of the Dungeon
  4616 | D:5      | Found a glowing drain.
  4621 | Sewer    | Entered a sewer
  4743 | Sewer    | Reached skill level 1 in Invocations
  4790 | Sewer    | Found a white marble altar of Elyvilon.
  5154 | D:5      | Noticed Blork the orc
  5172 | D:5      | Killed Blork the orc
  5173 | D:5      | Gained mutation: You have razor-sharp teeth. [Vine Stalker
                  | growth]
  5173 | D:5      | Reached XP level 8. HP: 31/44 MP: 10/10
  5236 | D:5      | Reached * piety under Makhleb
  5356 | D:5      | Found Nomuanlo's Jewellery Boutique.
  5364 | D:5      | Bought a cursed ring of attention for 58 gold pieces
  5888 | D:6      | Reached skill level 6 in Fighting
  6033 | D:6      | Found a sand-covered staircase.
  6049 | Ossuary  | Entered an ossuary
  6114 | Ossuary  | Reached skill level 1 in Evocations
  6210 | Ossuary  | Reached ** piety under Makhleb
  6276 | Ossuary  | Reached XP level 9. HP: 26/48 MP: 7/13
  7295 | D:7      | Reached skill level 5 in Invocations
  7321 | D:7      | Reached *** piety under Makhleb
  7344 | D:7      | Reached skill level 5 in Evocations
  7922 | D:7      | Found a basalt altar of Yredelemnul.
  8351 | D:8      | Reached XP level 10. HP: 53/53 MP: 13/15
  8375 | D:8      | Noticed Erica
  8396 | D:8      | Killed Erica
  8423 | D:8      | Noticed a two-headed ogre
  8434 | D:8      | Killed a two-headed ogre
  8572 | D:8      | Reached **** piety under Makhleb
  8685 | D:8      | Found a hazy altar of Hepliaklqana.
  8742 | D:8      | Noticed a two-headed ogre
  8754 | D:8      | Killed a two-headed ogre
  8755 | D:8      | Reached skill level 10 in Short Blades
  8781 | D:8      | Noticed Grum
  8800 | D:8      | Reached skill level 5 in Stealth
  8813 | D:8      | Killed Grum
  9375 | D:8      | Reached skill level 1 in Armour
  9468 | D:8      | Upgraded the game from 0.26-a0-1184-g95e395e029 to
                  | 0.26-a0-1191-ge2a0e31ab3
  9557 | D:9      | Noticed Harold
  9578 | D:9      | Killed Harold
  9579 | D:9      | Reached XP level 11. HP: 45/58 MP: 12/16
 10026 | D:9      | Reached skill level 7 in Fighting
 10288 | D:10     | Entered Level 10 of the Dungeon
 10587 | D:10     | Found Voojy's Antique Artefacts.
 10660 | D:10     | Bought a flickering wooden ring for 115 gold pieces
 10660 | D:10     | Bought a crude glass ring for 115 gold pieces
 10660 | D:10     | Bought a smoking helmet for 218 gold pieces
 10879 | D:10     | Found a staircase to the Lair.
 10976 | D:10     | Found Ofihuv's Magic Scroll Emporium.
 10992 | D:10     | Bought a scroll of identify for 26 gold pieces
 10992 | D:10     | Bought a scroll of identify for 26 gold pieces
 10992 | D:10     | Identified the cursed +0 helmet of Subjectivity {Str+6
                  | Stlth-} (You bought it in a shop on level 10 of the
                  | Dungeon)
 10998 | D:10     | Identified the ring "Qedghig" {*Drain rPois rF+ Will+++
                  | Str+6} (You bought it in a shop on level 10 of the Dungeon)
 11004 | D:10     | Got an ichor-stained scale mail
 11097 | D:10     | Noticed Joseph
 11125 | D:10     | Killed Joseph
 11134 | D:10     | Reached ***** piety under Makhleb
 11359 | D:10     | Reached skill level 8 in Fighting
 11655 | D:11     | Noticed a manticore
 11667 | D:11     | Killed a manticore
 11798 | D:11     | Noticed Snorg
 11814 | D:11     | Killed Snorg
 11851 | D:11     | Noticed Fannar
 11864 | D:11     | Killed Fannar
 11865 | D:11     | Gained mutation: You heal very quickly. [Vine Stalker
                  | growth]
 11865 | D:11     | Reached XP level 12. HP: 65/65 MP: 17/17
 12030 | D:11     | Noticed a two-headed ogre
 12036 | D:11     | Killed a two-headed ogre
 12301 | Lair:1   | Entered Level 1 of the Lair of Beasts
 12512 | Lair:1   | Identified the ring "Dokui" {rPois AC+4} (You bought it in
                  | a shop on level 10 of the Dungeon)
 12564 | Lair:1   | Reached skill level 5 in Armour
 12564 | Lair:1   | Reached skill level 5 in Dodging
 12571 | Lair:1   | Noticed Maggie
 12588 | Lair:1   | Killed Maggie
 12822 | Lair:1   | Identified the +2 scale mail of the Four Glowing Souls
                  | {rCorr} (You found it on level 10 of the Dungeon)
 13556 | Lair:2   | Noticed a boulder beetle
 13595 | Lair:2   | Killed a boulder beetle
 14140 | Lair:3   | Reached skill level 9 in Fighting
 14226 | Lair:3   | Reached XP level 13. HP: 65/70 MP: 17/19
 14546 | Lair:3   | Reached skill level 5 in Throwing
 14956 | Lair:3   | Reached skill level 10 in Fighting
 15491 | Lair:4   | Found a frozen archway.
 15532 | IceCv    | Entered an ice cave
 15814 | IceCv    | Reached XP level 14. HP: 77/77 MP: 19/21
 16001 | IceCv    | Noticed a frost giant
 16025 | IceCv    | Killed a frost giant
 16045 | IceCv    | Reached ****** piety under Makhleb
 16298 | Lair:4   | Found a staircase to the Shoals.
 16567 | Lair:4   | Found a staircase to the Snake Pit.
 17134 | D:10     | Bought a masterwork plate armour for 644 gold pieces
 17134 | D:10     | Identified the cursed +1 plate armour of Bimn {Harm} (You
                  | bought it in a shop on level 10 of the Dungeon)
 17345 | Lair:5   | Noticed Nessos
 17346 | Lair:5   | Noticed Nessos
 17346 | Lair:5   | Nessos changed into Nessos the basilisk
 17364 | Lair:5   | Killed Nessos the basilisk
 17413 | Lair:5   | Reached skill level 11 in Fighting
 18281 | Lair:5   | You fall into a shaft and drop 1 floor!
 18281 | Lair:6   | Entered Level 6 of the Lair of Beasts
 18807 | Lair:6   | Found a viscous altar of Jiyva.
 18808 | Lair:6   | Found a staircase to the Slime Pits.
 19232 | Lair:6   | Reached skill level 12 in Fighting
 19336 | Lair:6   | Reached skill level 1 in Shields
 19339 | Lair:6   | Reached XP level 15. HP: 84/84 MP: 22/22
 19503 | Lair:6   | Paralysed by a hornet for 1 turns
 20329 | D:5      | Bought an uncursed amulet of reflection for 390 gold pieces
 20602 | D:12     | Noticed Maurice
 20731 | D:12     | Killed Maurice
 20806 | D:12     | You fall into a shaft and drop 3 floors!
 20806 | D:15     | Entered Level 15 of the Dungeon
 20818 | D:15     | Noticed Azrael
 20842 | D:15     | Killed Azrael
 20915 | D:14     | Found a flickering gateway to a bazaar.
 20994 | D:13     | Found a portal to a secret trove of treasure.
 21247 | Bazaar   | Entered a bazaar
 21252 | Bazaar   | Found Fyoryvvasch's Gadget Shop.
 21265 | Bazaar   | Found Gotueg's Book Shop.
 21415 | D:12     | Found a staircase to the Orcish Mines.
 21783 | D:13     | Found a gate to the Vaults.
 22018 | D:13     | Paralysed by a hornet for 3 turns
 22433 | Orc:1    | Entered Level 1 of the Orcish Mines
 22614 | Orc:1    | Reached skill level 10 in Invocations
 22878 | Orc:2    | Entered Level 2 of the Orcish Mines
 22878 | Orc:2    | Found Vurres's Antique Weapon Shoppe.
 22879 | Orc:2    | Noticed an orc warlord
 22883 | Orc:2    | Found Cib Beps's Jewellery Emporium.
 22915 | Orc:2    | Reached skill level 10 in Evocations
 22942 | Orc:2    | HP: 2/81 [sixfirhy[an orc high priest] (9)]
 22946 | Orc:2    | Killed from afar by an orc high priest

Illustrated notes

Levels and vault maps discovered:
D:1:      dpeg_arrival_subterranean_lakeside_camping, layout_basic
D:2:      layout_rooms, uniq_terence
D:3:      layout_loops_cross, lexackson_kobold_supper
D:4:      layout_loops_corners, minmay_temple_entry_poolview, st_stairs_11,
          hangedman_abyss_or_decor_stabs, uniq_grinder
D:5:      layout_basic, portal_sewer_entry_e, serial_shops, shop,
          uniq_blork_the_orc
D:6:      layout_loops_cross, enter_ossuary_3, minmay_manual_moon
D:7:      minmay_recursive_quarters, layout_loops_cross,
          lemuel_mausoleum_altar_yredelemnul
D:8:      layout_basic, lemuel_coloured_pillars_altar, uniq_erica, uniq_grum
D:9:      layout_basic, uniq_harold
D:10:     kennysheep_seaside_town, layout_basic, grunt_lair_entry_orc_guard_hut,
          serial_shops, shop_fountains, minmay_fountain_box,
          nicolae_antique_artefacts, uniq_joseph
D:11:     layout_cross, minmay_misc_feat_room, kennysheep_generic_room_4,
          uniq_snorg, uniq_fannar
D:12:     layout_rooms, orc_0_dummy, uniq_maurice
D:13:     layout_irregular_city, skrybe_vaults_entry_preservation, enter_trove_0
D:14:     layout_loops_ring, lemuel_altar_in_water, serial_shops,
          bzr_entry_islet, shop, kennysheep_little_box, uniq_jorgrun
D:15:     gammafunk_enter_depths_forms, layout_rooms, basic_altar,
          guppyfry_shop_venom, uniq_azrael
Temple:   kilobyte_greek_temple
Lair:1:   layout_cave_pods, serial_bayou_shore_b, infiniplex_staircase_pool,
          uniq_maggie
Lair:2:   layout_misc_corridors, serial_bayou_shore_b
Lair:3:   nzn_winding_woodlands_three_and_one
          [nzn_winding_woodlands_5x15_longhouse,
          nzn_winding_woodlands_5x15_pathside_ponds,
          nzn_winding_woodlands_5x15_river_crossing,
          nzn_winding_woodlands_center_pierced_h], layout_cave_pods,
          beast_lair_carwin_4, lemuel_fruit_fields
Lair:4:   layout_regular_city, minmay_shoals_entry_centaurs,
          minmay_snake_entry_guardpost_small, portal_ice_cave_demonic_guard
Lair:5:   layout_cellular_growth, lemuel_fruit_fields,
          minmay_lair_oklob_chamber, uniq_nessos
Lair:6:   minmay_lair_end_enchanted_forest, layout_regular_city,
          dpeg_slime_entry_enclosed_altar, lemuel_fruit_tree
Orc:1:    layout_caves
Orc:2:    grunt_orc_gardens, layout_diamond_mine, grunt_orc_garden,
          grunt_orc_garden, grunt_orc_garden, grunt_orc_garden

Skill      XL: |  1  2  3  4  5  6  7  8  9 10 11 12 13 14 15 |
---------------+----------------------------------------------+-----
Fighting       | 2 3 4 5 6 8 9 10 12 | 12.0
Short Blades   | 2 3 4 5 6 7 10 | 10.0
Dodging        | 1 2 4 5 6 8 |  8.0
Throwing       | 2 4 6 8 |  8.0
Invocations    | 1 4 6 7 8 10 | 10.0
Evocations     | 3 5 6 7 8 10 | 10.0
Stealth        | 5 6 8 |  8.0
Armour         | 1 4 5 6 8 |  8.0
Shields        | 1 4 |  4.0

Action                   |  1- 3 |  4- 6 |  7- 9 | 10-12 | 13-15 || total
-------------------------+-------+-------+-------+-------+-------++-------
Melee: Dagger            |   103 |   225 |   813 |  1001 |  1639 ||  3781
       Bite              |    20 |    72 |   293 |   472 |   986 ||  1843
       Scimitar          |       |       |       |       |    49 ||    49
Throw: Dart              |     9 |    14 |    11 |     9 |       ||    43
       Boomerang         |       |       |       |    27 |   103 ||   130
Invok: Lesser Servant of |       |       |       |    10 |     7 ||    17
       Major Destruction |       |       |       |     3 |     3 ||     6
       Minor Destruction |       |       |       |     1 |     4 ||     5
Evoke: Wand              |       |       |       |     8 |     2 ||    10
       Tin of tremorston |       |       |       |       |     2 ||     2
  Use: Scroll            |     1 |     7 |    13 |    11 |    12 ||    44
       Potion            |       |     2 |       |       |       ||     2
 Stab: Sleeping          |    12 |     5 |       |       |       ||    17
       Distracted        |       |       |       |     1 |     2 ||     3
Armor: Robe              |    16 |       |       |       |       ||    16
       Leather armour    |    11 |     6 |       |       |       ||    17
       Chain mail        |       |    77 |   271 |    85 |       ||   433
       Ring mail         |       |     6 |       |       |       ||     6
       Plate armour      |       |       |       |   183 |   700 ||   883
Dodge: Dodged            |    58 |    45 |   171 |   236 |   652 ||  1162
Block: Buckler           |       |       |       |       |   155 ||   155
       Reflection        |       |       |       |       |     4 ||     4
       Rpst.: Scimitar   |       |       |       |       |     7 ||     7

Table legend: (Time is in decaauts)
 A = Elapsed time spent in this place.
 B = Non-inter-level travel time spent in this place.
 C = Inter-level travel time spent in this place.
 D = Time resting spent in this place.
 E = Time spent auto-exploring this place.
 F = Levels seen in this place.
 G = Mean time per level.
                   A        B        C        D        E       F      G
               +--------+--------+--------+--------+--------+-----+--------+
         Total |  21389 |  19387 |   2002 |   1015 |  13149 |  28 |  763.9 |
       Dungeon |  12927 |  11596 |   1331 |    553 |   8049 |  15 |  861.8 |
        Temple |    197 |    132 |     65 |      0 |    131 |   1 |  197.0 |
          Lair |   6510 |   5936 |    574 |    415 |   4204 |   6 | 1085.0 |
  Orcish Mines |    436 |    404 |     32 |      0 |    231 |   2 |  218.0 |
        Bazaar |     74 |     74 |      0 |      0 |     46 |   1 |   74.0 |
         Sewer |    228 |    228 |      0 |      0 |    125 |   1 |  228.0 |
       Ossuary |    455 |    455 |      0 |     44 |     93 |   1 |  455.0 |
      Ice Cave |    559 |    559 |      0 |      2 |    268 |   1 |  559.0 |
               +--------+--------+--------+--------+--------+-----+--------+

Top non-repeatable levels by time:
     D:1: 1485 daAuts
  Lair:5: 1391 daAuts
    D:10: 1360 daAuts
     D:8: 1314 daAuts
  Lair:3: 1193 daAuts
  Lair:6: 1192 daAuts
     D:5: 1079 daAuts
     D:4: 1029 daAuts
     D:7: 1024 daAuts
  Lair:1: 980 daAuts
     D:6: 971 daAuts
     D:3: 966 daAuts
  Lair:4: 941 daAuts
    D:13: 847 daAuts
  Lair:2: 812 daAuts
